 Dungeon Crawl Stone Soup version 0.30-a0-634-g8abc85282e (webtiles) character file.

Game seed: 1564704008237020235

46 Dartaoz the Chopper (level 3, -4/31 HPs)
             Began as a Hill Orc Monk on Jan 14, 2023.
             Engulfed by an orc wizard's steam (8 damage)
             ... on level 3 of the Dungeon.
             The game lasted 00:03:41 (1284 turns).

Dartaoz the Chopper (Hill Orc Monk)                 Turns: 1284, Time: 00:03:42

Health: -4/31      AC:  9    Str: 15    XL:     3   Next: 68%
Magic:  3/3        EV: 11    Int: 10    God:
Gold:   128        SH:  0    Dex: 13    Spells: 2/2 levels left

rFire   . . .      SeeInvis .    a - +0 hand axe
rCold   . . .      Faith    .    (no shield)
rNeg    . . .      Spirit   .    f - +0 ring mail
rPois   .          Reflect  .    (no helmet)
rElec   .          Harm     .    k - +2 cloak
rCorr   .          Rampage  .    (no gloves)
Will    .....                    q - +0 pair of boots
Stlth   +                        (no amulet)
HPRegen 0.25/turn                (no ring)
MPRegen 0.08/turn                (no ring)

@: no status effects
A: no striking features
a: no special abilities


You were on level 3 of the Dungeon.
You visited 1 branch of the dungeon, and saw 3 of its levels.

You collected 128 gold pieces.

Inventory:

Hand Weapons
 a - a +0 hand axe (weapon)
Armour
 b - a +0 robe
 f - a +0 ring mail (worn)
 k - a +2 cloak (worn)
 q - a +0 pair of boots (worn)
Wands
 n - a wand of flame (6)
Scrolls
 e - a scroll of fear {unknown}
 g - a scroll of amnesia {unknown}
 h - a scroll of identify {unknown}
 i - a scroll of vulnerability {unknown}
 j - a scroll of poison {unknown}
 m - a scroll of immolation {unknown}
 p - 4 scrolls of teleportation {unknown}
Potions
 c - a potion of ambrosia
 d - a potion of mutation {unknown}
 l - 2 potions of brilliance {unknown}
 o - a potion of heal wounds {unknown}
 r - a potion of cancellation {unknown}


   Skills:
 - Level 3.6 Fighting
 + Level 6.1 Axes
 - Level 2.4 Dodging
 - Level 1.5 Stealth


You had 2 spell levels left.
You didn't know any spells.
Your spell library contained the following spells:

 Spells                   Type           Power      Damage    Failure   Level
 Iskenderun's Battlesphe  Conj           0%         2d6       100%        5
 Iron Shot                Conj/Erth      0%         9d1       100%        6
 Malign Gateway           Summ/Tloc      0%         N/A       100%        7
 Spellforged Servitor     Conj/Summ      0%         N/A       100%        7
 Summon Horrible Things   Summ           0%         N/A       100%        8


Dungeon Overview and Level Annotations

Branches:
Dungeon (2/15)

Altars:

Shops:
D:1 [

Annotations:
D:3 Terence


Message History

The orc hits you but does no damage. x2
You completely miss the orc wizard.
The orc wizard is lightly wounded.
You hit the orc but do no damage. The bat closely misses you.
The orc hits you but does no damage.
The orc wizard hits you but does no damage.
The orc hits you but does no damage.
You completely miss the orc wizard.
The orc wizard is lightly wounded.
You hit the orc but do no damage. The bat hits you but does no damage.
The orc wizard gestures at you while chanting.
The puff of flame misses you. The orc misses you. The orc closely misses you.
An orc comes into view. It is wielding a +0 dagger.
You hit the orc wizard but do no damage.
The orc wizard is lightly wounded.
You barely miss the orc. The bat closely misses you.
The orc hits you from afar with a +0 trident.
You closely miss the orc wizard.
The orc wizard is lightly wounded.
You barely miss the orc. The bat hits you but does no damage.
The orc hits you but does no damage. The orc barely misses you.
You hit the orc wizard but do no damage.
The orc wizard is lightly wounded.
You barely miss the orc. The bat barely misses you.
The orc completely misses you.
The orc wizard hits you with a +0 dagger.
The orc hits you with a +0 hand axe of freezing.
The orc freezes you.
Sorry, you're not good enough to have a special ability.
You are too injured to fight recklessly!
You are too injured to fight recklessly!
The orc wizard attacks as you move away!
The orc wizard closely misses you.
You enter the shallow water.
Moving in this stuff is going to be slow.
The orc wizard gestures at you while chanting.
The puff of flame hits you!
* * * LOW HITPOINT WARNING * * *
The orc attacks as you move away! The orc closely misses you.
You are engulfed in a cloud of scalding steam.
You die...

#. ... .##.##.## #..#
..#..... ... ...[#.#
..###..#... #..o#@(.# #.
#.)o#..# ...#
.#≈~#boo#§.######
##..~###≈≈≈≈###§@.......
....≈≈≈≈≈≈≈≈≈≈...######
###.. ≈≈≈≈≈≈≈≈...#
....~###~~≈≈###≈..#
#.#.#...#~~#...#.##
#.#.#.⌠.#..#.⌠.#.#
#.#.#...#..#...#.#
#....###....###..#
##...............#


You could see Terence and an orc.

Vanquished Creatures
  An adder (D:2)
  A dart slug (D:2)
  3 orcs
  3 ball pythons
  3 endoplasms
  3 giant cockroaches
  4 goblins
  2 hobgoblins
  2 kobolds (D:1)
  A bat (D:1)
  3 frilled lizards (D:1)
  4 rats
30 creatures vanquished.

Notes
Turn   | Place    | Note
-------+----------+-------------------------------------------
     0 | D:1      | Dartaoz the Hill Orc Monk began the quest for the Orb.
     0 | D:1      | Reached XP level 1. HP: 19/19 MP: 1/1
   108 | D:1      | Reached XP level 2. HP: 24/26 MP: 2/2
   135 | D:1      | Found Lediok's Antique Armour Shop.
   227 | D:1      | Reached skill level 5 in Axes
   698 | D:2      | Reached XP level 3. HP: 31/31 MP: 3/3
   733 | D:2      | Found a faded altar of an unknown god.
  1068 | D:2      | Reached skill level 6 in Axes
  1247 | D:2      | You fall into a shaft and drop 1 floor!
  1274 | D:3      | Noticed Terence
  1284 | D:3      | Engulfed by an orc wizard's steam

Illustrated notes

Levels and vault maps discovered:
D:1:      nzn_arrival_crosshair, layout_rooms, serial_shops, shop,
          minmay_pentomino_x4
D:2:      layout_basic, ebering_ecumenical_altar_abandoned,
          kennysheep_generic_room_13
D:3:      cheibrodos_fertilizer, layout_loops_ring, fiery_altar_vehumet,
          ebering_ghost_disaster_area, fountainhead, uniq_terence

Skill      XL: |  1  2  3 |
---------------+----------+-----
Axes           | 5 6 |  6.1
Fighting       | |  3.6
Dodging        | |  2.4
Stealth        | |  1.5

Action                   || total
-------------------------++-------
Melee: Hand axe          ||   111
 Stab: Sleeping          ||     1
Armor: Ring mail         ||    48
       Robe              ||     1
Dodge: Dodged            ||    73

Table legend: (Time is in decaauts)
 A = Elapsed time spent in this place.
 B = Non-inter-level travel time spent in this place.
 C = Inter-level travel time spent in this place.
 D = Time resting spent in this place.
 E = Time spent auto-exploring this place.
 F = Levels seen in this place.
 G = Mean time per level.
                   A        B        C        D        E       F      G
               +--------+--------+--------+--------+--------+-----+--------+
         Total |   1289 |   1272 |     17 |      0 |    997 |   3 |  429.7 |
       Dungeon |   1289 |   1272 |     17 |      0 |    997 |   3 |  429.7 |
               +--------+--------+--------+--------+--------+-----+--------+

Top non-repeatable levels by time:
     D:2: 703 daAuts
     D:1: 549 daAuts
     D:3: 37 daAuts
